 Dungeon Crawl Stone Soup version 0.23.2-40-g277498a (webtiles) character file.

Game seed: 6813485184517751786

187 CrazyJ the Chiller (level 5, 0/41 HPs)
             Began as a Draconian Ice Elementalist on Sept 10, 2019.
             Slain by a wyvern (15 damage)
             ... on level 4 of the Dungeon.
             The game lasted 00:15:38 (3718 turns).

CrazyJ the Chiller (Draconian Ice Elementalist)     Turns: 3718, Time: 00:15:39

Health: 0/41       AC:  5    Str: 10    XL:     5   Next: 39%
Magic:  2/9        EV: 12    Int: 16    God:
Gold:   221        SH:  0    Dex: 12    Spells: 0/10 levels left

rFire    . . .     SeeInvis .   a - +0 hand axe
rCold    . . .     Gourm    .   (no shield)
rNeg     . . .     Faith    .   (armour unavailable)
rPois    .         Spirit   .   (helmet restricted)
rElec    .         Reflect  .   (no cloak)
rCorr    .         Harm     .   (no gloves)
MR       .....                  (no boots)
Stlth    ++........             (no amulet)
HPRegen  0.13/turn              (no ring)
MPRegen  0.11/turn              (no ring)

@: about to teleport
A: unfitting armour, cold-blooded, AC +5
a: no special abilities


You were on level 4 of the Dungeon.
You were not hungry.

You visited 1 branch of the dungeon, and saw 4 of its levels.

You collected 221 gold pieces.

Inventory:

Hand Weapons
 a - a +0 hand axe (weapon)
 c - a +0 hand axe
 g - a +0 hunting sling
 s - a cursed +0 hunting sling
 y - a +0 spear
 B - a +0 trident
Missiles
 h - 8 javelins (quivered)
 o - 69 stones
 r - 16 poisoned needles
 v - 44 arrows
Armour
 f - a +0 shield
Jewellery
 j - an uncursed ring of teleportation
Scrolls
 i - a scroll of immolation {unknown}
 k - 2 scrolls of identify
 l - a scroll of amnesia {unknown}
 p - 2 scrolls of remove curse
 q - 2 scrolls of fear {unknown}
 t - 2 scrolls of fog {unknown}
 w - a scroll of noise {unknown}
 C - a scroll of blinking {unknown}
Potions
 d - a potion of resistance {unknown}
 m - a potion of lignification {unknown}
 n - a potion of degeneration {unknown}
 u - a potion of might {unknown}
 x - 3 potions of heal wounds {unknown}
 A - a potion of curing
Comestibles
 b - 8 rations
 z - 2 chunks of flesh


   Skills:
 + Level 1.6 Fighting
 + Level 1.1 Axes
 + Level 2.3 Dodging
 - Level 1.7 Stealth
 * Level 3.2 Spellcasting
 + Level 1.7 Conjurations
 + Level 0.9 Charms
 * Level 4.0 Ice Magic


You couldn't memorise any spells.
You knew the following spells:

 Your Spells              Type           Power        Failure   Level  Hunger
a - Freeze                Ice            ###.         3%          1    None
b - Throw Frost           Conj/Ice       ##....       9%          2    ##.....
c - Ozocubu's Armour      Chrm/Ice       ##......     21%         3    ###....
d - Throw Icicle          Conj/Ice       ##......     50%         4    ####...

Your spell library contained the following spells:

 Spells                   Type           Power        Failure   Level  Hunger
 Summon Ice Beast         Ice/Summ       #.......     61%         4    ####...


Dungeon Overview and Level Annotations

Branches:
Dungeon (4/15)
 Temple: D:4-7

Altars:


Innate Abilities, Weirdness & Mutations

Your plain brown scales are hard. (AC +5)
You cannot fit into any form of body armour.
You are cold-blooded and may be slowed by cold attacks.


Message History

Aim: a wyvern The puff of frost hits the wyvern.
The wyvern is lightly wounded.
The wyvern bites you!!
Casting: Throw Frost (safe; 9% risk of failure)
Confirm with . or Enter, or press ? or * to list all spells.
Aiming: Freeze (safe; 3% risk of failure)
Press: ? - help, Shift-Dir - straight line, f/p - wyvern
Aim: a wyvern (lightly wounded)
You freeze the wyvern.
The wyvern is lightly wounded.
The wyvern closely misses you.
As you read the scroll of teleportation, it crumbles to dust.
You feel strangely unstable. The wyvern misses you. The wyvern bites you!
You closely miss the wyvern.
You tail-slap the wyvern, but do no damage.
The wyvern is lightly wounded.
The wyvern bites you but does no damage.
The wyvern bites you!
You die...

#.# .#.# #.....#.#. #.##.#.#
#.....#รท#. ########+#......
#.....'.#.
#...[.........#####.....###.
#.........................##
#.............#.......#...#
#.............#.......#...##
#.......(.....#.......'...'.
+.........l@..#.......#...##
#............##.......#...#
#............''.......#####
#............##.......#
#............##.......#
#............##.......#
####+##########.......#
#########


You could see a wyvern.

Vanquished Creatures
  3 worker ants (D:4)
  A hound skeleton (D:4)
  An adder (D:2)
  A worm (D:2)
  7 dart slugs
  3 leopard geckos
  4 orcs
  5 giant cockroaches
  4 goblins
  10 hobgoblins
  7 jackals
  7 kobolds
  A ball python (D:3)
  7 bats
  7 frilled lizards
  A jackal skeleton (D:4)
  3 rats
72 creatures vanquished.

Notes
Turn   | Place    | Note
-------+----------+-------------------------------------------
     0 | D:1      | CrazyJ the Draconian Ice Elementalist began the quest for
                  | the Orb.
     0 | D:1      | Reached XP level 1. HP: 14/14 MP: 3/3
   502 | D:1      | Reached XP level 2. HP: 7/22 MP: 5/5
  1012 | D:1      | Learned a level 2 spell: Throw Frost
  1304 | D:2      | You fall through a shaft!
  1320 | D:3      | Reached XP level 3. HP: 27/27 MP: 2/6
  1328 | D:3      | Learned a level 3 spell: Ozocubu's Armour
  1676 | D:3      | Reached skill level 1 in Fighting
  2047 | D:2      | Noticed an ogre
  2075 | D:2      | Reached XP level 4. HP: 34/35 MP: 8/8
  3287 | D:4      | Reached skill level 1 in Axes
  3287 | D:4      | Reached XP level 5. HP: 32/40 MP: 0/9
  3430 | D:4      | Reached skill level 4 in Ice Magic
  3566 | D:4      | Learned a level 4 spell: Throw Icicle
  3705 | D:4      | Noticed a wyvern
  3718 | D:4      | Slain by a wyvern

Skill      XL: |  1  2  3  4  5 |
---------------+----------------+-----
Dodging        | 2 |  2.3
Fighting       | 1 |  1.6
Spellcasting   | 3 |  3.2
Axes           | 1 |  1.1
Ice Magic      | 4 |  4.0
Stealth        | |  1.7
Conjurations   | |  1.7
Charms         | |  0.9

Action                   |  1- 3 |  4- 6 || total
-------------------------+-------+-------++-------
Melee: Hand axe          |   168 |    63 ||   231
       Tailslap          |    15 |    14 ||    29
       Unarmed           |     3 |       ||     3
 Cast: Freeze            |    11 |    13 ||    24
       Throw Frost       |     2 |    12 ||    14
       Ozocubu's Armour  |     1 |       ||     1
  Use: Scroll            |     3 |     2 ||     5
       Potion            |     1 |       ||     1
 Stab: Sleeping          |     3 |     2 ||     5
  Eat: Chunk             |     4 |     3 ||     7
       Ration            |       |     1 ||     1
Armor: Skin              |    71 |    25 ||    96
Dodge: Dodged            |   163 |    70 ||   233
